 Dungeon Sprint DCSS version 0.31-a0-1-g4198be8af4 (webtiles) character file.

Game seed: 11314720061946552808

29530 fozzywoppz the Brawler (level 13, -3/148 HPs)
             Began as a Troll Fighter on May 2, 2023.
             Was the Champion of Qazlal.
             Killed from afar by a hell hog (5 damage)
             ... with a fireball
             ... in the Dungeon (Sprint V: "Ziggurat Sprint").
             The game lasted 00:11:15 (965 turns).

fozzywoppz the Brawler (Troll Fighter)               Turns: 965, Time: 00:11:17

Health: -3/148     AC: 27    Str: 37    XL:     13   Next: 15%
Magic:  0/22       EV:  7    Int: 10    God:    Qazlal [******]
Gold:   0          SH: 29    Dex: 11    Spells: 12/12 levels left

rFire   + +          .
                       - Unarmed
rCold   + . .        k - +3 tower shield
rNeg    . . .        j - +5 gold dragon scales
rPois   +            (helmet restricted)
rElec   .            B - +2 cloak {rCorr}
rCorr   +            (gloves unavailable)
SInv    .            (boots unavailable)
Will    .....        x - amulet of guardian spirit Stlth
                     z - ring "Dikhlol" {rCorr Str+2 Int+6}
HPRegen 1.24/turn    A - +6 ring of strength
MPRegen 0.18/turn

%: no teleportation, repel missiles, guardian spirit
@: weakened, protected from fire
A: large, unfitting armour, claws 3, regeneration 1, shaggy fur 1, tough skin 1
a: Renounce Religion, Upheaval, Elemental Force, Disaster Area


You were in the Dungeon.
You worshipped Qazlal.
Qazlal was exalted by your worship.
You visited 1 branch

Inventory:

Hand Weapons
 a - a +2 broad axe of flaming
Missiles
 J - 2 javelins (quivered)
Armour
 j - +5 gold dragon scales (worn)
 k - a +3 tower shield (worn)
 B - a +2 cloak of preservation (worn)
 I - the +3 warlock's mirror {omnireflect}
   (You found it in the Dungeon)

   Omnireflect: It can block and reflect piercing ranged attacks and magical
   attacks against the wielder's willpower.
Jewellery
 s - a ring of magical power
 v - a ring of flight
 w - a +6 ring of dexterity
 x - an amulet of guardian spirit (around neck)
 z - the ring "Dikhlol" (left claw) {rCorr Str+2 Int+6}
   (You found it in the Dungeon)

   [ring of intelligence]

   Str:       It affects your strength (+2).
   Int:       It affects your intelligence (+6).
   rCorr:     It protects you from acid and corrosion.
 A - a +6 ring of strength (right claw)
 C - a ring of poison resistance
 D - an amulet of magic regeneration
 E - a ring of resist corrosion
 G - the ring of Tender Moments {*Slow rElec rC+ Int+2 Stlth+}
   (You found it in the Dungeon)

   [ring of protection from cold]

   Int:       It affects your intelligence (+2).
   rC:        It protects you from cold.
   rElec:     It insulates you from electricity.
   *Slow:     It may slow you when you take damage.
   Stlth:     It makes you more stealthy.
 K - a +6 ring of strength
Wands
 b - a wand of roots (1)
 t - a wand of mindburst (32)
 u - a wand of light (4)
 y - a wand of flame (18)
 F - a wand of polymorph (5)
Scrolls
 i - 3 scrolls of blinking
 l - 4 scrolls of amnesia
 m - 8 scrolls of fog
 n - 5 scrolls of identify
 o - 2 scrolls of fear
 H - a scroll of brand weapon
Potions
 c - 4 potions of might
 d - 9 potions of curing
 e - 9 potions of heal wounds
 f - 8 potions of haste
 g - 4 potions of magic
 h - 3 potions of berserk rage
 p - 2 potions of brilliance
 q - 2 potions of invisibility
 r - 4 potions of resistance


   Skills:
 + Level 14.4 Fighting
 - Level 10.0 Armour
 - Level 10.3 Dodging
 + Level 14.8 Shields
 + Level 16.8 Unarmed Combat
 + Level 13.8 Invocations


You had 12 spell levels left.
You didn't know any spells.
Your spell library contained the following spells:

 Spells                   Type           Power      Damage    Failure   Level
 Magic Dart               Conj           0%         1d3       100%        1
 Sting                    Tmut/Pois      0%         1d3       100%        1
 Call Imp                 Summ           0%         N/A       100%        2
 Lesser Beckoning         Tloc           0%         N/A       100%        2
 Poisonous Vapours        Pois/Air       0%         N/A       100%        2
 Dazzling Flash           Conj/Hex       0%         N/A       100%        3
 Hailstorm                Conj/Ice       0%         3d3       100%        3
 Ignite Poison            Fire/Tmut/Pois 0%         N/A       100%        3
 Mephitic Cloud           Conj/Pois/Air  0%         N/A       100%        3
 Spider Form              Tmut/Pois      0%         N/A       100%        3
 Vhi's Electric Charge    Tloc/Air       0%         N/A       100%        3
 Volatile Blastmotes      Fire/Tloc      0%         2d10      100%        3
 Cause Fear               Hex            0%         N/A       100%        4
 Ice Form                 Ice/Tmut       0%         N/A       100%        4
 Iskenderun's Mystic Bla  Conj/Tloc      0%         2d3       100%        4
 Petrify                  Tmut/Erth      0%         N/A       100%        4
 Sticky Flame             Conj/Fire      0%         2d3       100%        4
 Summon Lightning Spire   Summ/Air       0%         N/A       100%        4
 Alistair's Intoxication  Tmut/Pois      0%         N/A       100%        5
 Arcjolt                  Conj/Air       0%         1d10      100%        5
 Fireball                 Conj/Fire      0%         3d3       100%        5
 Iskenderun's Battlesphe  Conj           0%         2d6       100%        5
 Conjure Ball Lightning   Conj/Air       0%         3x3d6     100%        6
 Eringya's Noxious Bog    Tmut/Pois      0%         N/A       100%        6
 Iron Shot                Conj/Erth      0%         9d1       100%        6
 Plasma Beam              Fire/Air       0%         2x1d11    100%        6
 Simulacrum               Ice/Necr       0%         N/A       100%        6
 Starburst                Conj/Fire      0%         6d3       100%        6
 Statue Form              Tmut/Erth      0%         N/A       100%        6
 Dragon Form              Tmut           0%         N/A       100%        7
 Malign Gateway           Summ/Tloc      0%         N/A       100%        7
 Orb of Destruction       Conj           0%         9d5       100%        7
 Ozocubu's Refrigeration  Ice            0%         4d7       100%        7
 Spellforged Servitor     Conj/Summ      0%         N/A       100%        7
 Storm Form               Tmut/Air       0%         N/A       100%        7
 Summon Hydra             Summ           0%         N/A       100%        7
 Borgnjor's Revivificati  Necr           0%         N/A       100%        8
 Ignition                 Fire           0%         3d3       100%        8
 Maxwell's Capacitive Co  Air            0%         ∞         100%        8
 Necromutation            Tmut/Necr      0%         N/A       100%        8
 Summon Horrible Things   Summ           0%         N/A       100%        8
 Chain Lightning          Conj/Air       0%         N/A       100%        9
 Death's Door             Necr           0%         N/A       100%        9
 Dragon's Call            Summ           0%         N/A       100%        9
 Fire Storm               Conj/Fire      0%         5d1       100%        9
 Polar Vortex             Ice            0%         N/A       100%        9
 Shatter                  Erth           0%         3d5*      100%        9


Dungeon Overview and Level Annotations

Branches:
Dungeon (1/1)

Altars:
Ashenzari
Cheibriados
Dithmenos
Elyvilon
Fedhas
Gozag
Hepliaklqana
Kikubaaqudgha
Makhleb
Nemelex Xobeh
Okawaru
Qazlal
Ru
Sif Muna
Trog
Uskayaw
Vehumet
Wu Jian
Xom
Yredelemnul
Zin
The Shining One
Jiyva
Lugonu

Annotations:
D 1 transporter


Innate Abilities, Weirdness & Mutations

You are too large for most types of armour.
You have claws for hands.
Your natural rate of healing is unusually fast.
You are covered in fur. (AC +1)
You have tough skin. (AC +1)


Message History

* * * LOW HITPOINT WARNING * * *
You barely miss the fire giant.
The fire giant is almost dead.
The fire giant hits you but does no damage.
The fire giant points at you and mumbles some strange words.
The fireball explodes!
The fireball engulfs the fire giant.
The fire giant resists.
The fireball engulfs the balrug.
The balrug completely resists.
The fireball engulfs you! You resist.
* * * LOW HITPOINT WARNING * * *
The fire giant casts a spell at you.
The fireball explodes!
The fireball engulfs the balrug.
The balrug completely resists.
The fireball engulfs the fire giant.
The fire giant resists.
The fire giant dies!
The fireball engulfs you. You resist.
You feel more protected from fire.
* * * LOW HITPOINT WARNING * * *
You block the balrug's attack.
Found a transporter.
You block the hell hog's attack. The fire giant casts a spell at you.
The fireball explodes!
The fireball engulfs you! You resist.
* * * LOW HITPOINT WARNING * * *
The fireball engulfs the hell hog.
The hell hog completely resists.
The fireball engulfs the balrug.
The balrug completely resists.
The fireball engulfs the fire giant!
The fire giant resists.
The balrug hits you with a +0 demon whip of flaming.
* * * LOW HITPOINT WARNING * * *
You are engulfed in flames.
You resist.
You feel more protected from fire.
* * * LOW HITPOINT WARNING * * *
You feel more protected from fire.
You see here a +1 great sword of flaming.
Okay, then.
Blink to where?
Press: ? - help, Dir - move target
As you read the scroll of blinking, it crumbles to dust.
The hell hog breathes fire at you.
The fireball explodes!
The fireball engulfs you. You resist.
You feel more protected from fire.
You die...

▓..[.)|[.≈..▓▓.....▓.....▓
▓......≈.)≈.▓▓.....▓.....▓
▓...C...".≈.▓▓.....▓.....▓
▓....§Y.≈.≈.▓▓..††.▓.....▓
▓....≈≈≈C...▓▓..©..▓..©..▓
▓≈§2§§▓ .▓▓▓▓▓▓▓▓▓▓▓▓▓▓
▓▓§h.▓▓▓.▓..8©8...▓..8©
▓..▓..°..▓☼.▓..[.)...▓...)
▓.....○..@..▓........▓..|.
▓▓▓▓▓▓▓▓▓▓▓▓▓........▓...)
▓....8©8....▓...†.†..▓...)
▓..[)||.[...▓.▓....▓.▓.▓.)
▓...)[)[):..▓...©....▓...©
▓....†......▓▓▓▓▓▓▓▓▓▓▓▓▓▓
▓.........).▓...8©8...▓..8
▓...).......▓..[.|[...▓..[
▓.......†...▓....[|...▓...


You could see a hellephant, a fire giant, a balrug and a hell hog (catching
breath).

Vanquished Creatures
  A searing wretch (D)
  2 fire giants (D)
  A vault warden (D)
  A ghoul (D)
  A balrug (D)
  3 merfolk impalers (D)
  4 fire dragons (D)
  A merfolk javelineer (D)
  A yaktaur captain (D)
  A vault guard (D)
  2 salamander tyrants (D)
  A merfolk aquamancer (D)
  2 ironbound frosthearts (D)
  A naga warrior (D)
  4 hell hogs (D)
  A soul eater (D)
  2 harpies (D)
  An ironbound convoker (D)
  2 guardian serpents (D)
  2 manticores (D)
  A cyclops (D)
  A black mamba (D)
  2 hellions (D)
  2 rime drakes (D)
  2 yaktaurs (D)
  2 freezing wraiths (D)
  2 efreet (D)
  A merfolk (D)
  2 polar bears (D)
  A snapping turtle (D)
  2 tarantellas (D)
  3 hornets (D)
  A slime creature (D)
  5 spriggans (D)
  Sigmund (D)
  A golden eye (D)
  2 fire elementals (D)
  2 nagas (D)
  A hell hound (D)
  2 floating eyes (D)
  A water moccasin (D)
  2 ice beasts (D)
  2 orc warriors (D)
  2 wolves (D)
  Blork the orc (D)
  A bullfrog (D)
  2 scorpions (D)
  Dowan (D)
  4 jellies (D)
  Crazy Yiuf (D)
  Jessica (D)
  An orc wizard (D)
  2 adders (D)
  A river rat (D)
  A white imp (D)
  An adder zombie (D)
  2 orcs (D)
  2 ball pythons (D)
  A bat zombie (D)
  An endoplasm (D)
  A jackal (D)
  A ball python simulacrum (D)
  A ball python skeleton (D)
  A ball python zombie (D)
  A bat simulacrum (D)
  2 giant cockroach zombies (D)
  A quokka zombie (D)
  A spectral jackal (D)
109 creatures vanquished.

Vanquished Creatures (collateral kills)
  An orc priest (D)
  An orc wizard (D)
2 creatures vanquished.

Vanquished Creatures (others)
  A fire giant (D)
1 creature vanquished.

Grand Total: 112 creatures vanquished

Notes
Turn   | Place    | Note
-------+----------+-------------------------------------------
     0 | D        | fozzywoppz the Troll Fighter began the quest for the Orb.
     0 | D        | Reached XP level 1. HP: 22/22 MP: 0/0
     3 | D        | Found a blossoming altar of Fedhas.
     3 | D        | Found the +6 Majin-Bo {spellvamp, MP+6 Int+6}
     3 | D        | Found the +27 heavy crossbow "Sniper" {heavy, Acc+∞ SInv}
     3 | D        | Found the +10 dark maul {heavy}
     3 | D        | Found the +15 Maxwell's patent armour {-Cast -Tele rElec
                  | Will+ rCorr}
     3 | D        | Found the +18 shield of the Gong {Loud rN+ Will+ rCorr
                  | EV-5}
     3 | D        | Found the +16 obsidian axe {drain, demonic, Mesm Drain Fly
                  | SInv}
     3 | D        | Found the +7 great mace "Firestarter" {flame, immolate,
                  | rFlCloud rF++}
     3 | D        | Found the +6 shillelagh "Devastator" {shatter}
     3 | D        | Found the +11 plutonium sword {Contam Stlth-}
     3 | D        | Found the +8 lance "Wyrmbane" {slay drac, rPois rF+ rC+
                  | AC+3}
     3 | D        | Found the +9 sword of Zonguldrok {reap}
     3 | D        | Found the +13 scythe of Curses {drain, curses, Drain}
     3 | D        | Found the +9 sword of Power {lifebolt}
     3 | D        | Found the +7 mace of Variability {chaos, chaos arc}
     3 | D        | Found the +11 Singing Sword {sonic wave}
     3 | D        | Found the +8 storm bow {elec, penet}
     5 | D        | Found a viscous altar of Jiyva.
     5 | D        | Found a transporter.
     5 | D        | Found a hazy altar of Hepliaklqana.
     5 | D        | Found an ancient bone altar of Kikubaaqudgha.
     5 | D        | Found an opulent altar of Gozag.
     5 | D        | Found a corrupted altar of Lugonu.
     6 | D        | Found a burning altar of Makhleb.
     7 | D        | Found a sacrificial altar of Ru.
     7 | D        | Found a shimmering blue altar of Sif Muna.
     7 | D        | Found a stormy altar of Qazlal.
     7 | D        | Found a bloodstained altar of Trog.
     7 | D        | Found an iron altar of Okawaru.
     7 | D        | Found a sparkling altar of Nemelex Xobeh.
    27 | D        | Became a worshipper of Qazlal Stormbringer
    29 | D        | Reached skill level 3 in Unarmed Combat
    29 | D        | Reached XP level 2. HP: 31/31 MP: 1/1
    69 | D        | Entered arena 2.
    69 | D        | Noticed an ice beast
    69 | D        | Found a transporter.
    77 | D        | Killed an ice beast
    78 | D        | Reached skill level 5 in Shields
    78 | D        | Reached skill level 5 in Unarmed Combat
    78 | D        | Reached XP level 3. HP: 24/40 MP: 2/2
    78 | D        | Reached XP level 4. HP: 29/49 MP: 3/3
    86 | D        | Got A Compilation from Boris to fozzywoppz
    99 | D        | Entered arena 3.
    99 | D        | Noticed a floating eye
    99 | D        | Found a transporter.
   104 | D        | Killed a floating eye
   104 | D        | Reached * piety under Qazlal
   105 | D        | Reached skill level 5 in Fighting
   105 | D        | Reached skill level 5 in Dodging
   105 | D        | Reached XP level 5. HP: 56/57 MP: 4/4
   106 | D        | Reached skill level 6 in Unarmed Combat
   112 | D        | Got the Secrets of Nasty Bombardment
   115 | D        | Entered arena 4.
   115 | D        | Noticed a tarantella
   115 | D        | Noticed a tarantella
   115 | D        | Found a transporter.
   120 | D        | Killed a tarantella
   120 | D        | Reached ** piety under Qazlal
   121 | D        | Reached skill level 5 in Armour
   121 | D        | Reached XP level 6. HP: 49/67 MP: 5/5
   136 | D        | Killed a tarantella
   137 | D        | Reached skill level 7 in Unarmed Combat
   137 | D        | Reached XP level 7. HP: 30/76 MP: 6/6
   185 | D        | Entered arena 5.
   185 | D        | Found a transporter.
   189 | D        | Reached *** piety under Qazlal
   194 | D        | Reached skill level 8 in Unarmed Combat
   194 | D        | Reached skill level 1 in Invocations
   208 | D        | Entered arena 6.
   208 | D        | Noticed Sigmund
   208 | D        | Noticed Jessica
   208 | D        | Noticed Blork the orc
   208 | D        | Noticed Crazy Yiuf
   208 | D        | Noticed Dowan
   208 | D        | Found a transporter.
   210 | D        | Killed Sigmund
   210 | D        | Reached **** piety under Qazlal
   211 | D        | Reached XP level 8. HP: 87/87 MP: 3/8
   212 | D        | Killed Crazy Yiuf
   217 | D        | Killed Dowan
   223 | D        | Killed Jessica
   225 | D        | Killed Blork the orc
   247 | D        | Acquired an amulet of guardian spirit
   257 | D        | Entered arena 7.
   257 | D        | Noticed a spriggan rider
   257 | D        | Noticed a spriggan rider
   257 | D        | Noticed a spriggan rider
   260 | D        | Found a transporter.
   261 | D        | Killed a hornet
   263 | D        | Reached ***** piety under Qazlal
   263 | D        | Killed a hornet
   264 | D        | Reached skill level 9 in Unarmed Combat
   264 | D        | Reached XP level 9. HP: 91/96 MP: 2/11
   270 | D        | Reached skill level 5 in Invocations
   288 | D        | Got the +1 buckler "Battoufa" {rCorr}
   333 | D        | Entered arena 8.
   335 | D        | Found a transporter.
   340 | D        | Reached ****** piety under Qazlal
   344 | D        | Paralysed by a floating eye for 2 turns
   345 | D        | Reached skill level 10 in Unarmed Combat
   352 | D        | Got the ring "Dikhlol" {rCorr Str+2 Int+6}
   375 | D        | Entered arena 9.
   376 | D        | Found a transporter.
   428 | D        | Entered arena 10.
   428 | D        | Noticed a vault warden
   428 | D        | Noticed a yaktaur
   428 | D        | Noticed an ironbound frostheart
   428 | D        | Noticed a yaktaur
   428 | D        | Noticed a yaktaur captain
   428 | D        | Noticed an ironbound convoker
   428 | D        | Noticed a vault guard
   428 | D        | Noticed an ironbound frostheart
   429 | D        | Killed a yaktaur
   430 | D        | Found a transporter.
   437 | D        | Killed an ironbound frostheart
   438 | D        | Reached skill level 10 in Shields
   438 | D        | Reached XP level 10. HP: 107/107 MP: 13/13
   446 | D        | Killed a vault guard
   450 | D        | Killed an ironbound frostheart
   451 | D        | Reached skill level 11 in Unarmed Combat
   451 | D        | Killed a yaktaur captain
   456 | D        | Killed an ironbound convoker
   457 | D        | Reached skill level 10 in Fighting
   458 | D        | Killed a vault warden
   459 | D        | Reached skill level 10 in Dodging
   461 | D        | Reached skill level 12 in Unarmed Combat
   525 | D        | Entered arena 11.
   526 | D        | Found a transporter.
   535 | D        | Reached skill level 10 in Armour
   535 | D        | Reached XP level 11. HP: 119/119 MP: 10/16
   557 | D        | Got the Encyclopedia of Twisted Effluvium
   571 | D        | Entered arena 12.
   571 | D        | Noticed a soul eater
   571 | D        | Noticed a ghoul
   574 | D        | Found a transporter.
   584 | D        | Killed a soul eater
   588 | D        | Killed a ghoul
   597 | D        | Got the ring of Tender Moments {*Slow rElec rC+ Int+2
                  | Stlth+}
   607 | D        | Entered arena 13.
   607 | D        | Noticed a naga warrior
   608 | D        | Found the +3 warlock's mirror {omnireflect}
   610 | D        | Reached skill level 13 in Unarmed Combat
   611 | D        | Killed a naga warrior
   615 | D        | Reached skill level 10 in Invocations
   626 | D        | Found a transporter.
   704 | D        | Entered arena 14.
   704 | D        | Noticed a harpy
   705 | D        | Noticed a merfolk impaler
   705 | D        | Identified the +5 rapier "Osext" {vamp, rElec rPois Will-
                  | Stlth+}
   705 | D        | Noticed a merfolk impaler
   705 | D        | Identified the +7 battleaxe of Coemerr {heavy, rElec Dex+5}
   705 | D        | Noticed a merfolk javelineer
   705 | D        | Noticed a merfolk aquamancer
   707 | D        | Killed a harpy
   707 | D        | Killed a merfolk aquamancer
   708 | D        | Noticed a merfolk impaler
   709 | D        | Found a transporter.
   709 | D        | Noticed a harpy
   713 | D        | Killed a merfolk impaler
   714 | D        | Reached skill level 14 in Unarmed Combat
   717 | D        | Killed a merfolk impaler
   718 | D        | Reached XP level 12. HP: 36/133 MP: 0/19
   719 | D        | Killed a merfolk impaler
   728 | D        | Killed a merfolk javelineer
   744 | D        | Got Kaim's Quarto of Transformation
   843 | D        | Entered arena 15.
   843 | D        | Noticed a hell hog
   843 | D        | Noticed a fire dragon
   843 | D        | Noticed a fire dragon
   843 | D        | Noticed a fire giant
   844 | D        | Noticed a fire dragon
   844 | D        | Noticed a hell hog
   844 | D        | Noticed a fire dragon
   845 | D        | Noticed a hell hog
   845 | D        | Killed a hell hog
   846 | D        | Killed a hell hog
   846 | D        | Killed a fire giant
   847 | D        | Reached skill level 15 in Unarmed Combat
   851 | D        | Found a transporter.
   858 | D        | Killed a fire dragon
   859 | D        | Killed a hell hog
   862 | D        | Killed a fire dragon
   865 | D        | Killed a fire dragon
   868 | D        | Killed a fire dragon
   954 | D        | Entered arena 16.
   954 | D        | Noticed a hellephant
   954 | D        | Noticed a fire giant
   954 | D        | Noticed a searing wretch
   954 | D        | Noticed a salamander tyrant
   955 | D        | Noticed a salamander tyrant
   955 | D        | Noticed a hell hog
   955 | D        | Noticed a balrug
   955 | D        | Noticed a fire giant
   955 | D        | Noticed a fire giant
   955 | D        | Noticed a hell hog
   956 | D        | Noticed a fire giant
   956 | D        | Noticed a balrug
   958 | D        | Killed a salamander tyrant
   958 | D        | Killed a hell hog
   958 | D        | Killed a fire giant
   958 | D        | Killed a salamander tyrant
   959 | D        | Reached skill level 16 in Unarmed Combat
   959 | D        | Killed a balrug
   960 | D        | Reached XP level 13. HP: 69/146 MP: 2/22
   962 | D        | Killed a searing wretch
   963 | D        | Killed a fire giant
   964 | D        | Found a transporter.
   964 | D        | HP: 6/148 [balrug/+0 demon whip of flaming (5)]
   964 | D        | HP: 1/148 [balrug/+0 demon whip of flaming (5)]
   965 | D        | Killed from afar by a hell hog

Illustrated notes

Levels and vault maps discovered:
D:        sprint_v [room_start, room_1, room_2, room_3, room_4, room_5, room_6,
          room_7, room_8, room_9, room_10, room_11, room_12, room_13, room_14,
          room_15, room_16, room_17, room_18, room_19, room_20, room_21,
          room_22, room_23, room_24, room_25, room_26, room_27]

Skill      XL: |  1  2  3  4  5  6  7  8  9 10 11 12 |
---------------+-------------------------------------+-----
Fighting       | 3 4 5 6 7 8 9 10 12 14 | 14.4
Armour         | 2 3 4 5 6 7 8 10 | 10.0
Dodging        | 3 4 5 6 7 8 9 10 | 10.3
Shields        | 4 5 6 7 8 10 12 14 | 14.8
Unarmed Combat | 3 5 6 7 8 9 10 12 14 16 | 16.8
Invocations    | 2 4 6 8 11 13 | 13.8

Action                     |  1- 3 |  4- 6 |  7- 9 | 10-12 | 13-15 || total
---------------------------+-------+-------+-------+-------+-------++-------
  Melee: Unarmed           |     7 |    26 |    52 |    93 |     3 ||   181
 Invoke: Upheaval          |       |       |     3 |     3 |       ||     6
         Disaster Area     |       |       |     1 |     8 |       ||     9
         Elemental Force   |       |       |     1 |     1 |       ||     2
  Evoke: Wand              |     1 |     2 |     2 |       |       ||     5
    Use: Potion            |     1 |     1 |     4 |     8 |       ||    14
         Scroll            |       |       |     1 |       |     1 ||     2
 Armour: Gold dragon scale |     3 |    29 |    23 |    74 |     1 ||   130
  Dodge: Dodged            |       |     5 |     6 |    40 |       ||    51
         Repelled          |       |       |     1 |     1 |       ||     2
  Block: Tower shield      |    10 |    32 |    76 |   199 |     6 ||   323

Table legend: (Time is in decaauts)
 A = Elapsed time spent in this place.
 B = Non-inter-level travel time spent in this place.
 C = Inter-level travel time spent in this place.
 D = Time resting spent in this place.
 E = Time spent auto-exploring this place.
 F = Levels seen in this place.
 G = Mean time per level.
                   A        B        C        D        E       F      G
               +--------+--------+--------+--------+--------+-----+--------+
         Total |    917 |    917 |      0 |    345 |      0 |   1 |  917.0 |
       Dungeon |    917 |    917 |      0 |    345 |      0 |   1 |  917.0 |
               +--------+--------+--------+--------+--------+-----+--------+

Top non-repeatable levels by time:
       D: 917 daAuts
